Map: Kairos Junction LE

Players

Somnambula

  • Race: Terran Terran
  • Spawn Location: 11:00

Yocto - Winner!

  • Race: Zerg Zerg
  • Spawn Location: 5:00

VOD

Have the link to the VOD?

Description

Time

  • Played on: Dec. 8, 2018, 4:04 p.m.
  • Length: 11:03
Show
View Real Time Build Order
Export as new Build Order

Somnambula Terran 

Build Orders:  

Get SALT Encoding   

  12  0:02  SCV  
  13  0:25  Supply Depot  
  13  0:31  SCV, Supply Depot  
  14  0:44  SCV  
  15  1:01  Refinery  
  15  1:10  Barracks  
  15  1:35  SCV  
  16  1:47  SCV  
  17  1:59  SCV  
  18  2:10  Marine  
  18  2:11  SCV  
  20  2:18  Barracks  
  20  2:23  SCV  
  20  2:28  Marine  
  22  2:35  SCV  
  23  2:46  Marine, Refinery  
  23  2:48  SCV  
  25  3:00  SCV  
  25  3:03  Marine  
  27  3:12  SCV  
  28  3:15  Barracks Tech Lab  
  28  3:21  Marine  
  29  3:35  Engineering Bay  
  29  3:43  Marine  
  29  3:48  Combat Shield  
  30  4:01  Marine  
  31  4:27  Terran Infantry Weapons Level 1  
  31  4:29  Barracks  
  31  4:50  Supply Depot  
  31  5:12  Marine  
  32  5:21  Supply Depot  
  32  5:29  Marine  
  32  5:30  Marine  
  32  5:32  Barracks Reactor  
  34  5:47  Marine x2  
  36  6:05  Marine, Command Center  
  37  6:22  Marine, Terran Infantry Armor Level 1  
  35  6:40  Marine  
  35  6:43  Marine  
  27  6:58  Marine, SCV  
  27  7:00  Marine  
  30  7:08  Marine x2  
  31  7:15  SCV  
  33  7:16  Marine  
  33  7:18  Marine  
  35  7:24  Factory  
  35  7:26  Marine x2  
  35  7:27  SCV  
  38  7:34  Marine  
  38  7:36  Marine  
  40  7:43  Marine  
  40  7:44  Marine  
  42  7:51  Marine  
  42  7:54  Marine  
  44  8:01  Marine x2  
  44  8:04  Supply Depot  
  46  8:20  Missile Turret  
  46  8:24  Marine  
  46  8:26  Marine  
  48  8:29  Marine x2  
  50  8:42  Marine  
  50  8:44  Marine  
  50  8:47  Marine x2  
  54  9:00  Marine  
  54  9:02  Starport  
  55  9:05  Supply Depot  
  55  9:22  Sensor Tower  
  55  9:27  Marine x4  
  48  9:45  Marine x4  
  49  9:49  Missile Turret  
Show
View Real Time Build Order
Export as new Build Order

Yocto Zerg - Winner!

Build Orders: Pool First 

Get SALT Encoding   

  12  0:01  Drone  
  13  0:15  Overlord  
  13  0:19  Drone  
  14  0:35  Drone x2  
  16  0:38  Drone  
  17  0:50  Spawning Pool  
  17  0:53  Drone  
  17  0:58  Extractor  
  16  1:14  Overlord  
  16  1:17  Drone  
  17  1:26  Drone  
  18  1:36  Drone  
  19  1:40  Spine Crawler  
  19  1:43  Queen, Spine Crawler  
  19  1:47  Zergling x2  
  20  2:07  Metabolic Boost  
  22  2:22  Hatchery  
  21  2:25  Drone x3  
  24  2:38  Queen  
  24  2:42  Drone  
  27  3:02  Drone x3  
  30  3:06  Overlord  
  30  3:15  Overlord  
  30  3:30  Drone  
  31  3:36  Queen  
  31  3:38  Baneling Nest  
  32  3:41  Queen  
  32  3:44  Drone x2  
  32  3:45  Drone  
  37  3:54  Zergling x2  
  37  3:55  Zergling x2  
  39  3:57  Zergling x2  
  39  3:58  Zergling x2  
  39  3:59  Zergling x2  
  42  4:06  Zergling x6  
  42  4:07  Zergling x2  
  46  4:28  Overlord x2  
  46  4:31  Zergling x8  
  50  4:39  Overlord x3  
  50  4:54  Baneling x5  
  50  4:55  Baneling x2  
  50  5:06  Spore Crawler  
  49  5:07  Pneumatized Carapace  
  49  5:09  Spore Crawler  
  49  5:11  Zergling x6  
  49  5:12  Zergling x6  
  55  5:28  Zergling x6  
  55  5:29  Zergling x8  
  61  5:40  Lair  
  61  5:44  Drone  
  61  5:45  Drone  
  63  5:55  Queen  
  65  5:58  Drone x3  
  65  5:59  Drone  
  68  6:24  Drone  
  68  6:25  Drone x5  
  74  6:32  Hatchery  
  68  6:50  Zergling x2  
  68  6:51  Zergling x12  
  68  6:52  Zergling x2  
  76  6:57  Spire  
  76  6:59  Extractor  
  73  7:05  Extractor  
  73  7:06  Extractor, Drone x3  
  74  7:08  Drone  
  74  7:09  Drone  
  76  7:28  Overlord x4  
  76  7:33  Drone  
  76  7:34  Drone x2  
  79  7:42  Drone x3  
  82  7:50  Drone  
  83  7:52  Queen  
  83  7:54  Drone x4  
  89  8:21  Mutalisk  
  89  8:22  Mutalisk x6  
  103  8:48  Zergling x8  
  101  8:49  Zergling x10  
  108  8:57  Baneling  
  108  9:00  Zergling x4  
  108  9:01  Zergling x8  
  114  9:10  Overlord  
  114  9:12  Overlord x5  
  114  9:17  Baneling  
  114  9:18  Baneling x18  
  114  9:19  Baneling x4  
  98  10:04  Zergling x2  
  98  10:05  Zergling x28  
  94  10:15  Zergling x4  
  92  10:33  Zergling x4  
  94  10:36  Mutalisk x3  
  94  10:37  Mutalisk  
Tags
 
Matchup
TvZ
Opening
Pool First
Replay Pack
Yocto
Spawn Locations
Cross Positions
Add a new tag
Caveats
  • Supply blocks, unpowered buildings, or Contaminate may cause inaccurate times.
  • Supply counts are checked every 10 seconds.